 Dungeon Crawl Stone Soup version 0.31.0-11-ge490571c62 (webtiles) character file.

Game seed: 3043857198722542633

1964 Curundu the Cleaver (level 9, -2/79 HPs)
             Began as a Minotaur Berserker on Feb 1, 2024.
             Was a Priest of Trog.
             Slain by a two-headed ogre
             ... wielding a +0 giant club
              (19 damage)
             ... on level 8 of the Dungeon.
             The game lasted 00:27:24 (7351 turns).

Curundu the Cleaver (Minotaur Berserker)            Turns: 7351, Time: 00:27:25

Health: -2/79      AC: 16    Str: 28    XL:     9   Next: 0%
Magic:  8/8        EV:  9    Int:  4    God:    Trog [***...]
Gold:   78         SH:  0    Dex: 11    Spells: 8/8 levels left

rFire   . . .        g - +10 hand axe of the Gibberer {flame, Will+}
rCold   . . .        (no shield)
rNeg    . . .        i - +0 plate armour
rPois   .            A - +1 hat {Will+}
rElec   .            (no cloak)
rCorr   .            (no gloves)
SInv    .            x - +1 pair of boots of Qytayga {Harm Will+ Str+3}
Will    +++..        (no amulet) Stlth
                     (no ring)
HPRegen 0.33/turn    (no ring)
MPRegen 0.11/turn

%: harm (+30% outgoing, +20% incoming)
@: no status effects
A: horns 2, retaliatory headbutt
a: Renounce Religion, Berserk, Trog's Hand


You were on level 8 of the Dungeon.
You worshipped Trog.
Trog was most pleased with you.
You visited 1 branch of the dungeon, and saw 8 of its levels.

You collected 353 gold pieces.
You spent 275 gold pieces at shops.

Inventory:

Hand Weapons
 a - a +0 hand axe
 g - the +10 hand axe of the Gibberer (weapon) {flame, Will+}
   (You found it on level 7 of the Dungeon)

   Will+:     It increases your willpower.
 t - a +0 war axe
Missiles
 h - 3 boomerangs
 y - a throwing net (quivered)
Armour
 i - a +0 plate armour (worn)
 x - the +1 pair of boots of Qytayga (worn) {Harm Will+ Str+3}
   (You bought it in a shop on level 7 of the Dungeon)

   Str+3:     It affects your strength (+3).
   Will+:     It increases your willpower.
   Harm:      It increases damage dealt and taken.
 A - a +1 hat of willpower (worn)
Jewellery
 b - an amulet of the acrobat
 f - an amulet of faith
 k - an amulet of magic regeneration
 o - a +5 ring of evasion
Wands
 n - a wand of flame (35)
 u - a wand of light (8)
 v - a wand of polymorph (12)
Scrolls
 d - 4 scrolls of teleportation
 e - a scroll of identify
 j - 2 scrolls of blinking
 l - a scroll of torment
Potions
 c - 2 potions of curing
 m - 4 potions of attraction
 p - a potion of enlightenment
 q - 3 potions of heal wounds
 r - 2 potions of berserk rage
 w - 2 potions of mutation


   Skills:
 + Level 7.6 Fighting
 + Level 9.8 Axes
 + Level 7.2 Armour
 + Level 4.1 Dodging
 - Level 1.7 Stealth


You had 8 spell levels left.
You didn't know any spells.
Your spell library was empty.

Dungeon Overview and Level Annotations

Branches:
Dungeon (8/15)             Temple (0/1) D:5
   Lair: D:8-11

Altars:
Elyvilon
Hepliaklqana
Kikubaaqudgha
Makhleb
Nemelex Xobeh
Okawaru
Qazlal
Uskayaw
Yredelemnul
Zin

Shops:
D:6 *   D:7 [


Innate Abilities, Weirdness & Mutations

You have a pair of horns on your head.
You reflexively headbutt those who attack you in melee.


Message History

Found a stone staircase leading down.
Found 3 curare-tipped darts and 5 stones.
Found a stone staircase leading down.
Found 6 stones.
A white imp comes into view.
The white imp shouts, "Decamp, thou vain spleeny nert!"
You slash the white imp! You burn the white imp.
You kill the white imp!
Trog accepts your kill.
You have reached level 9!
Your experience leads to an increase in your attributes!
Your base attributes are Str 23, Int 4, Dex 11.
Increase (S)trength, (I)ntelligence, or (D)exterity?
You feel stronger. x2
Found a stone staircase leading down.
You now have 66 gold pieces (gained 11).
You now have 78 gold pieces (gained 12).
A two-headed ogre comes into view. It is wielding two +0 giant clubs.
You completely miss the two-headed ogre.
You headbutt the two-headed ogre.
The two-headed ogre is lightly wounded.
The two-headed ogre hits you with a +0 giant club!
The two-headed ogre hits you with a +0 giant club!!
You barely miss the two-headed ogre. You headbutt the two-headed ogre.
The two-headed ogre is moderately wounded.
You closely miss the two-headed ogre.
The two-headed ogre is moderately wounded.
The two-headed ogre hits you with a +0 giant club!!
* * * LOW HITPOINT WARNING * * *
The two-headed ogre hits you but does no damage.
You slash the two-headed ogre! You burn the two-headed ogre.
You headbutt the two-headed ogre, but do no damage.
The two-headed ogre is heavily wounded.
You barely miss the two-headed ogre.
The two-headed ogre is heavily wounded.
The two-headed ogre barely misses you. x2
You slash the two-headed ogre! You burn the two-headed ogre.
The two-headed ogre is almost dead.
The two-headed ogre hits you with a +0 giant club!
You die...

# .# .# #####.#####
######.......... #.
........@O.# #.
#.####.#.### #. #.#
#.#.# ##.##.## #.#.#
####......###.#.#
..............#.######
.......................
#..#.>....####.###.###
#..#.#...........


You could see a two-headed ogre.

Vanquished Creatures
  Sigmund (D:3)
  A human (D:4)
  An ice beast (D:6)
  An orc warrior (D:7)
  3 centaurs
  A phantom (D:6)
  The ghost of jschmitter482 the Digger, an amateur HuEE (D:4)
  A kobold brigand (D:6)
  A scorpion (D:5)
  4 wights (D:7)
  A jelly (D:6)
  2 bombardier beetles
  5 hounds
  3 orc priests (D:4)
  Jessica (D:3)
  2 iguanas (D:4)
  5 orc wizards
  A human skeleton (D:4)
  15 adders
  4 gnolls (D:4)
  A shadow imp (D:5)
  2 white imps (D:8)
  4 ufetubi (D:6)
  2 dart slugs
  22 orcs
  7 endoplasms
  2 giant cockroaches (D:1)
  7 goblins
  11 hobgoblins
  7 kobolds
  4 quokkas
  6 ball pythons
  7 bats
  4 frilled lizards
  A goblin skeleton (D:4)
  4 rats
145 creatures vanquished.

Vanquished Creatures (others)
  A quokka (D:6)
  A ball python (D:4)
2 creatures vanquished.

Grand Total: 147 creatures vanquished

Notes
Turn   | Place    | Note
-------+----------+-------------------------------------------
     0 | D:1      | Curundu the Minotaur Berserker began the quest for the Orb.
     0 | D:1      | Reached XP level 1. HP: 19/19 MP: 0/0
    58 | D:1      | Reached skill level 4 in Axes
    58 | D:1      | Reached XP level 2. HP: 23/27 MP: 1/1
   703 | D:2      | Reached ** piety under Trog
   730 | D:2      | Reached XP level 3. HP: 28/33 MP: 2/2
  1163 | D:3      | Reached XP level 4. HP: 37/41 MP: 3/3
  1314 | D:3      | Noticed Sigmund
  1326 | D:3      | Killed Sigmund
  1327 | D:3      | Reached skill level 5 in Fighting
  1327 | D:3      | Reached skill level 6 in Axes
  1327 | D:3      | Reached XP level 5. HP: 32/48 MP: 4/4
  1769 | D:3      | Found a sparkling altar of Nemelex Xobeh.
  1769 | D:3      | Found a hazy altar of Hepliaklqana.
  1777 | D:3      | Found a hide-covered altar of Uskayaw.
  1778 | D:3      | Identified the +9 dagger "Irghuajo" {elec, rF+ Int+5}
  1779 | D:3      | Found a faded altar of an unknown god.
  1783 | D:3      | Found an iron altar of Okawaru.
  2144 | D:3      | Noticed Jessica
  2149 | D:3      | Killed Jessica
  2150 | D:3      | Reached skill level 1 in Stealth
  2150 | D:3      | Reached XP level 6. HP: 55/56 MP: 5/5
  2470 | D:4      | Found a runed translucent door.
  2475 | D:4      | Noticed jschmitter482's ghost (amateur HuEE)
  2501 | D:4      | Killed jschmitter482's ghost
  2502 | D:4      | Reached skill level 7 in Axes
  2541 | D:4      | Reached *** piety under Trog
  2568 | D:4      | Reached XP level 7. HP: 57/62 MP: 6/6
  2772 | D:4      | Reached skill level 8 in Axes
  3045 | D:4      | Found a runed translucent door.
  3045 | D:4      | Noticed a human
  3047 | D:4      | Found a basalt altar of Yredelemnul.
  3401 | D:4      | Killed a human
  3478 | D:5      | Entered Level 5 of the Dungeon
  4122 | D:5      | Found a staircase to the Ecumenical Temple.
  4258 | D:5      | Reached XP level 8. HP: 43/71 MP: 7/7
  4388 | D:5      | Reached skill level 5 in Armour
  4906 | D:6      | Reached skill level 9 in Axes
  5060 | D:6      | Found a white marble altar of Elyvilon.
  6007 | D:6      | Found Zin's Purification Station.
  6007 | D:6      | Found a glowing silver altar of Zin.
  6272 | D:7      | Identified the +10 hand axe of the Gibberer {flame, Will+}
  6664 | D:7      | Found a burning altar of Makhleb.
  6976 | D:7      | Found Lunwimey's Antique Armour Shop.
  6981 | D:7      | Bought a pair of masterwork boots for 275 gold pieces
  6981 | D:7      | Identified the +1 pair of boots of Qytayga {Harm Will+
                  | Str+3} (You bought it in a shop on level 7 of the Dungeon)
  7009 | D:7      | Found an ancient bone altar of Kikubaaqudgha.
  7283 | D:8      | Found a stormy altar of Qazlal.
  7323 | D:8      | Reached XP level 9. HP: 79/79 MP: 8/8
  7344 | D:8      | Noticed a two-headed ogre
  7351 | D:8      | Slain by a two-headed ogre

Illustrated notes

Levels and vault maps discovered:
D:1:      minmay_arrival_open_corners, layout_loops_ring, serial_bayou_pond_c
D:2:      layout_rooms, skrybe_limestone_x
D:3:      corexii_shack_village, layout_basic,
          chequers_temple_overflow_minitemple, uniq_jessica, uniq_sigmund
D:4:      layout_cave_pools, dk_yredelemnul_ordeal, ebering_ghost_sewer_d,
          eino_tiny_chamber
D:5:      layout_cave_pods, minmay_temple_entry_crystal_x,
          hangedman_abyss_or_decor_stagger
D:6:      layout_layer_cave, elyvilon_altar_4, zin_purify, minmay_statues_item
D:7:      layout_basic, lightli_temple_of_fire,
          nicolae_kikubaaqudgha_miasma_corner, serial_shops,
          nicolae_shop_just_a_little_nook
D:8:      layout_loops_ring, grunt_qazlal_clouds

Skill      XL: |  1  2  3  4  5  6  7  8 |
---------------+-------------------------+-----
Axes           | 4 6 7 8 9 |  9.8
Fighting       | 4 5 6 7 |  7.6
Dodging        | 3 4 |  4.1
Stealth        | 1 |  1.7
Armour         | 3 4 7 |  7.2

Action                     |  1- 3 |  4- 6 |  7- 9 || total
---------------------------+-------+-------+-------++-------
  Melee: Hand axe          |    64 |   104 |   227 ||   395
         Headbutt          |     9 |    16 |    34 ||    59
         Punch             |     1 |     2 |     2 ||     5
 Invoke: Trog's Hand       |       |     5 |     3 ||     8
         Berserk           |       |     1 |     2 ||     3
    Use: Scroll            |       |       |    22 ||    22
 Armour: Animal skin       |    40 |    19 |       ||    59
         Ring mail         |       |    19 |       ||    19
         Chain mail        |       |    38 |   166 ||   204
         Plate armour      |       |       |    16 ||    16
  Dodge: Dodged            |    46 |    42 |   111 ||   199
